[Event "*** SCC Grand Prix: Titled Tuesday Blitz"]
[Site "Chess.com"]
[Date "2020.10.06"]
[Round "9"]
[White "Carnivoras"]
[Black "SamuelGhimpu2003"]
[Result "0-1"]
[WhiteElo "2664"]
[BlackElo "2534"]
[TimeControl "180+1"]
[EndTime "11:47:17 PDT"]
[Termination "SamuelGhimpu2003 won on time"]

1. d4 Nf6 2. c4 g6 3. Nc3 d5 4.
Bg5 Ne4 5. Bh4 Nxc3 6. bxc3 dxc4 7. e3 Be6 8. Nf3 Bg7 9. Qb1 b6 10. Ng5 Bd5 11. e4 h6 12. exd5 hxg5 13. Qb5+ c6 14.
dxc6 a6 15. Qxc4 Rxh4 16. c7 Qc8 17. cxb8=Q Rxb8 18. g3 Rh8 19. Qxc8+ Rxc8 20. Kd2 a5 21. Rb1 Rb8 22. Bb5+ Kf8 23. d5 Be5 24. c4 g4 25.
Bd7 f5 26. Rb5 Kf7 27. Ke3 Bd6 28. f3 Bc5+ 29. Ke2 gxf3+ 30. Kxf3 Rh3 31. Kg2 Rbh8 32. Rb2 a4 33. Bxa4 Kf6 34. Bd7 R8h7 35. a4 e5 36. Bc6 e4 37. Rb5 g5 38. a5 f4 39. gxf4 gxf4 40. Rb2 f3+ 41. Kf1 bxa5 42. d6 Bxd6 43. Bxe4 Re7 44. Bd5 Bb4 45. Rb1 Kf5 46. Rc1 Kf4 47. c5 Re5 48. Bb7 Rxc5 49. Rxc5 Bxc5 50. Ba6 a4 51. Bc4 a3 52. Ba2 f2 53. Kg2 Rh6 54. Rf1 Rg6+ 55. Kh3 Rg1 0-1

[Event "*** SCC Grand Prix: Titled Tuesday Blitz"]
[Site "Chess.com"]
[Date "2020.10.06"]
[Round "9"]
[White "AliKa2810"]
[Black "Larina_Marija"]
[Result "1/2-1/2"]
[WhiteElo "2567"]
[BlackElo "2254"]
[TimeControl "180+1"]
[EndTime "11:47:17 PDT"]
[Termination "Game drawn - insufficient material"]

1. d4 f5 2. c4 Nf6 3. Nc3 d6 4. Bg5 e6 5. e4 fxe4 6. Nxe4 Be7 7. Bxf6 Bxf6 8. Nf3 O-O 9. Bd3 Nd7 10. Qc2 g6 11. h4 d5 12. Neg5 Qe7 13. O-O-O dxc4 14. Bxc4 Nb6 15.
Rhe1 Nxc4 16. Qxc4 c6 17. Kb1 a5 18. Re3 a4 19. a3 Ra5 20. Rde1 Kh8 21. Nxe6 Bxe6 22. Rxe6 Qd7 23. Qb4 Raa8 24. Qc5 Rad8 25. R1e4 Qd5 26. Qxd5 Rxd5 27. Rf4 Kg7 28. Kc2 Rf7 29. Kd3 Rb5 30.
Kc2 Rd5 31. g3 Bxd4 32. Rxd4 Rxf3 33. Rxd5 cxd5 34. Re7+ Kf6 35. Rxh7 Rxf2+ 36. Kb1 Rf1+ 37. Ka2 Rg1 38. Rxb7 Rxg3 39. Rb4 Ke5 40. Rxa4 d4 41. Ra8 Rh3 42. a4 Rxh4 43. a5 d3 44. Re8+ Kd4 45. Rd8+ Kc5 46. Rxd3 Ra4+ 47. Kb3 Rxa5 48. Rg3 Ra6 49.
Rg5+ Kd4 50. Kc2 Ke4 51. b4 Kf4 52. Rg1 g5 53. Kc3 Rb6 54. Kc4 g4 55. Kc5 Rb8 56.
b5 Kf3 57. Kc6 g3 58. b6 Kf2 59. Rxg3 Kxg3 60. Kc7 Rxb6 61. Kxb6 1/2-1/2

[Event "*** SCC Grand Prix: Titled Tuesday Blitz"]
[Site "Chess.com"]
[Date "2020.10.06"]
[Round "9"]
[White "Unkreativ3"]
[Black "Nara_Kh"]
[Result "1-0"]
[WhiteElo "2537"]
[BlackElo "2390"]
[TimeControl "180+1"]
[EndTime "11:47:18 PDT"]
[Termination "Unkreativ3 won by resignation"]

1. d4 d5 2. c4 c6 3. cxd5 cxd5 4.
Nc3 Nf6 5. f3 Nc6 6. e4 dxe4 7. d5 Ne5 8. fxe4 a6 9. Nf3 Nfd7 10.
Bf4 Qc7 11. Nxe5 Nxe5 12. Qd2 g5 13. Bxg5 Bg7 14. Be2 Qd6 15. O-O Qg6 16. Rad1 h6 17. Bf4 Bh3 18. Bg3 Bg4 19. Bxg4 Qxg4 20. Qf4 O-O 21. h3 Qxf4 22. Bxf4 Nc4 23. Bc1 Rac8 24. Rf3 b5 25. b3 Ne5 26. Rg3 Ng6 27. Ne2 Rc2 28. Rd2 Rfc8 29. Rxc2 Rxc2 30. Kf1 Rxa2 31.
h4 Kh7 32. h5 Ne5 33. Be3 Nd3 34. Nf4 Nb4 35. Bc5 Nc2 36. Bxe7 Bd4 37. Rf3 Ne3+ 38. Ke1 Nxg2+ 39. Nxg2 Rxg2 40. Rxf7+ Kg8 41. Rf3 Rc2 42. d6 Bc5 43. Kd1 Rg2 44. Rd3 Kf7 45. Bh4 Bb6 46. d7 Rg1+ 47. Ke2 Rg4 48. Bf2 Ke6 49. Bxb6 Rxe4+ 50. Kf3 Rh4 51. d8=Q 1-0

[Event "*** SCC Grand Prix: Titled Tuesday Blitz"]
[Site "Chess.com"]
[Date "2020.10.06"]
[Round "9"]
[White "rugbyclub"]
[Black "GMaka"]
[Result "1-0"]
[WhiteElo "2207"]
[BlackElo "2360"]
[TimeControl "180+1"]
[EndTime "11:47:27 PDT"]
[Termination "rugbyclub won by resignation"]

1. c4 e5 2. Nc3 Bb4 3. Qc2 Ne7 4. e3 Nbc6 5. Nf3 Bxc3 6. Qxc3 d6 7. a3 a5 8. Be2 O-O 9. O-O f5 10. d4 e4 11. Nd2 a4 12. b4 axb3 13. Nxb3 Kh8 14. d5 Ne5 15. Bb2 b6 16. Nd4 Rf6 17. f4 exf3 18. Nxf3 N7g6 19. Bd3 Nxf3+ 20. Rxf3 Ne5 21. Rf4 Bd7 22. Raf1 Qf8 23. Qc2 g6 24. g4 Re8 25.
gxf5 g5 26. R4f2 Qe7 27. Be2 g4 28. Kh1 Rg8 29. Rf4 Rg5 30. e4 h5 31. Rg1 Qg7 32.
Qd2 h4 33. Bxg4 Nxg4 34. Bxf6 Nxf6 35. Rxg5 Qxg5 36. Qf2 h3 37. Rh4+ Kg7 38. Rxh3 Nxe4 39. Qg2 Qxg2+ 40. Kxg2 Bxf5 41. Re3 Kf6 42. h4 Nc5 43.
Re8 Bd3 44. Rf8+ Kg7 45. Rc8 Bxc4 46. Rxc7+ Kh6 47. h5 Bxd5+ 48. Kg3 Kxh5 49. Kf4 Bc4 50. Rc6 d5 51. Rxb6 Nd3+ 52. Ke3 Nc5 53. Kd4 Ne6+ 54.
Rxe6 Kg4 55. Re5 Kf4 56. a4 Ba6 57. a5 Be2 58. Re6 1-0

[Event "*** SCC Grand Prix: Titled Tuesday Blitz"]
[Site "Chess.com"]
[Date "2020.10.06"]
[Round "9"]
[White "googlegoom"]
[Black "chessplayer9919"]
[Result "1-0"]
[WhiteElo "2431"]
[BlackElo "2591"]
[TimeControl "180+1"]
[EndTime "11:47:28 PDT"]
[Termination "googlegoom won on time"]

1. Nf3 Nf6 2. b3 b6 3. Bb2 Bb7 4. e3 e6 5. Be2 Be7 6. O-O O-O 7. d4 c5 8. Nbd2 d6 9. c4 Nbd7 10. Qc2 Rc8 11. Rac1 Qc7 12. Qb1 Qb8 13. Rfd1 Qa8 14. Ne1 Rfd8 15. Bf3 Nf8 16. Qa1 Ng6 17. Bxb7 Qxb7 18. Ndf3 Ne8 19. Qb1 Bf6 20. Rd2 cxd4 21. Nxd4 d5 22. cxd5 Rxc1 23. Qxc1 Qxd5 24. Ndf3 Qa8 25.
h3 h6 26. Nd3 Qe4 27. Bxf6 Nxf6 28. Nc5 Qa8 29. Na4 Ne4 30. Rxd8+ Qxd8 31. Qc2 Qd5 32. Nc3 Nxc3 33. Qxc3 Qd1+ 34. Kh2 Qe2 35. Qd2 Qf1 36. Qe1 Qd3 37. Qd2 Qb1 38. g3 Qe4 39. Nd4 Ne5 40. Kg1 Qxd4 41. Qxd4 Nf3+ 42. Kf1 Nxd4 43.
exd4 Kf8 44. Ke2 Ke7 45. Kd2 Kd6 46. Ke2 Kd5 47. Kd3 g6 48. Ke3 b5 49. g4 g5 50. a3 a5 51. Kd3 f6 52. a4 bxa4 53. bxa4 f5 54. f3 f4 55. Kc3 Kd6 56. Kd2 Kc6 57. Kc2 Kd5 58. Kd3 1-0

[Event "*** SCC Grand Prix: Titled Tuesday Blitz"]
[Site "Chess.com"]
[Date "2020.10.06"]
[Round "9"]
[White "Sacbutt"]
[Black "esskeettit"]
[Result "1/2-1/2"]
[WhiteElo "2291"]
[BlackElo "2410"]
[TimeControl "180+1"]
[EndTime "11:47:28 PDT"]
[Termination "Game drawn by repetition"]

1. e4 c5 2. Nf3 Nc6 3. d4 cxd4 4. c3 g6 5. cxd4 d6 6. Nc3 Bg7 7. h3 Nf6 8. Bc4 O-O 9. O-O Nxe4 10. Bxf7+ Rxf7 11. Nxe4 Bf5 12. Neg5 Rf8 13. d5 Ne5 14. Nd4 Qd7 15.
Nge6 Bxe6 16. Nxe6 Rf6 17. Bg5 Rf5 18. Be3 Nc4 19.
Nxg7 Nxe3 20. fxe3 Kxg7 21. Qd4+ Kg8 22. e4 Rxf1+ 23. Rxf1 a6 24. Qf2 Qe8 25. Qb6 Qd7 26. Rc1 Rc8 27. Rxc8+ Qxc8 28. Kh2 Qc1 29. Qxb7 Qf4+ 30.
Kg1 Qxe4 31. Qxa6 Qb1+ 32. Kh2 Qxb2 33. Qc8+ Kf7 34. Qe6+ Kf8 35. a4 Qa1 36. Qe4 Ke8 37. Kg3 Kd8 38. Kg4 Qa2 39. Kg5 Qd2+ 40. Kg4 h5+ 41. Kg3 g5 42. Kh2 Qa2 43. Qf5 Qd2 44. a5 Qxa5 45. Qxg5 h4 46. Qg8+ Kc7 47. Qg5 Kd8 48.
Qg8+ Kd7 49. Qg4+ Kd8 50. Qg5 Qc5 51. Qg8+ Kd7 52. Qg4+ Kd8 53. Qg5 Qd4 54. Qf5 Ke8 55.
Qg6+ Kd7 56. Qe6+ Kd8 57. Qf7 Kd7 58. Qg8 Qe5+ 59. Kg1 Qe3+ 60. Kh2 Qf4+ 61. Kg1 Qd4+ 62. Kh2 Qf4+ 63. Kg1 Qc1+ 64. Kh2 Qf4+ 1/2-1/2

[Event "*** SCC Grand Prix: Titled Tuesday Blitz"]
[Site "Chess.com"]
[Date "2020.10.06"]
[Round "9"]
[White "pavelalexandru07"]
[Black "flexova"]
[Result "0-1"]
[WhiteElo "2237"]
[BlackElo "2373"]
[TimeControl "180+1"]
[EndTime "11:47:30 PDT"]
[Termination "flexova won on time"]

1. b3 e5 2. Bb2 Nc6 3. d3 Nf6 4.
c4 g6 5. Nf3 d6 6. Nbd2 Bg7 7. e3 O-O 8. Be2 Nh5 9. O-O f5 10. d4 f4 11. d5 fxe3 12. fxe3 Ne7 13. Ng5 Nf6 14. Bf3 c6 15. dxc6 bxc6 16. Nde4 Nf5 17.
Qd2 d5 18. cxd5 Nxd5 19. Nc5 Qxg5 20. Bxd5+ cxd5 21. Qxd5+ Kh8 22. e4 Bb7 23. Nxb7 Ne3 24. Rxf8+ Rxf8 25. Qd2 Bh6 26. Re1 Ng4 27. Qxg5 Bxg5 28.
h3 Be3+ 29. Kh1 Nf2+ 30. Kh2 Bf4+ 31. Kg1 Nd3 32. Re2 Rc8 33. Nd6 Rc6 34. Nc4 h5 35. Bc3 Kg7 36. Ba1 Kh6 37. a4 Nc1 38. Rb2 Nxb3 39. Rxb3 Rxc4 40. g3 Bg5 41. Bxe5 Rxe4 42.
Bf4 Rxa4 43. Bxg5+ Kxg5 44. Rb5+ Kh6 45. g4 hxg4 46. hxg4 Rxg4+ 47. Kf2 Ra4 48. Rb8 Ra3 49. Ra8 Kg5 50. Kg2 Kg4 51. Rg8 g5 52. Ra8 Ra2+ 53.
Kg1 a5 54. Ra6 a4 55. Ra5 a3 56. Ra4+ Kg3 57. Kf1 g4 58. Ke1 Kf3 59. Ra8 g3 0-1

[Event "*** SCC Grand Prix: Titled Tuesday Blitz"]
[Site "Chess.com"]
[Date "2020.10.06"]
[Round "9"]
[White "Shivagami"]
[Black "PlotnikovPavel"]
[Result "1/2-1/2"]
[WhiteElo "2225"]
[BlackElo "2352"]
[TimeControl "180+1"]
[EndTime "11:47:31 PDT"]
[Termination "Game drawn by repetition"]

1. d4 d5 2. Bf4 Nf6 3. e3 g6 4.
c3 Bg7 5. Nd2 O-O 6. Bd3 Nbd7 7.
Ngf3 c5 8. Ne5 Nh5 9. Nxd7 Qxd7 10. Be5 Bxe5 11. dxe5 Qe6 12. f4 Ng7 13. O-O f6 14.
Nf3 Nf5 15. Qe2 c4 16. Bc2 Qb6 17. Nd4 Qxb2 18. Rab1 Qxa2 19. Ra1 Qb2 20. Rfb1 Qxc3 21. Bxf5 Bxf5 22. Nxf5 gxf5 23. Qf3 fxe5 24. Qxd5+ Kh8 25.
fxe5 Qxe3+ 26. Kh1 Rad8 27. Qxc4 Qxe5 28. Rxa7 b5 29.
Qh4 Rfe8 30. h3 Rd2 31. Rb7 Qd5 32. Qg3 Qxb7 33. Qe5+ Kg8 34. Qe6+ Kg7 35. Qe5+ Kg6 36. Qe6+ Kg7 37. Qe5+ Kf7 38. Qxf5+ Kg8 39. Qg5+ Kh8 40. Qe5+ Kg8 41. Qg5+ Kh8 42. Qxd2 e5 43. Qd3 Rg8 44. Rb2 b4 45. Qe3 Qd5 46. Qe2 b3 47. Rd2 Qc5 48.
Rb2 Qc1+ 49. Kh2 Qc3 50. Rb1 Qg3+ 51. Kh1 Qc3 52. Rb2 Qg3 53. Qd2 Qf4 54. Qe2 Qc1+ 55. Kh2 Qf4+ 56. Kh1 Qc1+ 1/2-1/2

[Event "*** SCC Grand Prix: Titled Tuesday Blitz"]
[Site "Chess.com"]
[Date "2020.10.06"]
[Round "9"]
[White "youngKID"]
[Black "ChessWarrior7197"]
[Result "0-1"]
[WhiteElo "2818"]
[BlackElo "3017"]
[TimeControl "180+1"]
[EndTime "11:47:33 PDT"]
[Termination "ChessWarrior7197 won by resignation"]

1. e4 e5 2. Nf3 Nc6 3. Bb5 a6 4.
Ba4 Nf6 5. d3 b5 6. Bb3 Be7 7.
O-O O-O 8. a4 Bb7 9. Nc3 b4 10.
Nd5 d6 11. Nxe7+ Nxe7 12. Bg5 Nd7 13. Re1 Kh8 14. d4 f6 15. Bd2 c5 16. dxc5 dxc5 17. Nh4 Nb6 18. a5 Nbc8 19. c3 Nd6 20. Bc2 Nc4 21.
Bc1 bxc3 22. bxc3 Qxd1 23. Rxd1 Rfd8 24. Re1 Nc6 25. Ba3 Rd2 26. Bb3 N6xa5 27. Bxc4 Nxc4 28. Bxc5 a5 29. Ra4 Ba6 30. Rea1 Bb5 31. R4a2 a4 32. Nf5 Rc8 33. Bb4 Rcd8 34. h3 h5 35. h4 Bc6 36. f3 Rxa2 37. Rxa2 a3 38. Ra1 Ra8 39. Nd6 Nxd6 40. Bxd6 a2 41. c4 Kg8 42. Kf2 Bd7 43. Ke3 Be6 44. Kd3 Kf7 45. Kc3 Ke8 46. Kb3 Kd7 47.
Bb4 Kc6 48. Kc3 Kb6 49. g3 Rc8 50. c5+ Kb5 51. Ba3 Ra8 52. Kb2 Kc6 53. Rc1 Rb8+ 54. Ka1 Rb3 55. Bb2 Rxf3 56. Rg1 Kxc5 57. Bc1 Kd4 0-1

[Event "*** SCC Grand Prix: Titled Tuesday Blitz"]
[Site "Chess.com"]
[Date "2020.10.06"]
[Round "9"]
[White "glebus008"]
[Black "KatarinaOstojic"]
[Result "1/2-1/2"]
[WhiteElo "2230"]
[BlackElo "2338"]
[TimeControl "180+1"]
[EndTime "11:47:33 PDT"]
[Termination "Game drawn - insufficient material"]

1. e4 c5 2. Nf3 d6 3. Nc3 Nf6 4. e5 dxe5 5. Nxe5 e6 6. Bb5+ Bd7 7. Nxd7 Nbxd7 8. d4 a6 9. Bxd7+ Qxd7 10. Be3 cxd4 11. Qxd4 Qxd4 12. Bxd4 Be7 13. O-O-O O-O 14. f3 Rfd8 15. Bb6 Rd7 16. Ne4 Nd5 17. Bc5 Bxc5 18. Nxc5 Rc7 19. Ne4 Rac8 20. Rd2 Nb4 21. Nc3 h6 22.
Rhd1 g6 23. a3 Nc6 24. Rd7 Ne5 25. Rxc7 Rxc7 26. Ne4 Kg7 27. b3 g5 28. Kb2 Kg6 29.
c4 f5 30. Nf2 Rd7 31. Rxd7 Nxd7 32. Kc3 e5 33. b4 Kf6 34. c5 Ke6 35. Kc4 Nf6 36. c6 bxc6 37. Kc5 Kd7 38. Kb6 e4 39. fxe4 fxe4 40. Kxa6 e3 41. Nd3 e2 42. Kb7 Nd5 43. Nc5+ Kd6 44. Nd3 Nc3 45. Ne1 c5 46. Kb6 cxb4 47.
axb4 Kd5 48. Ka5 Kd4 49. b5 Nxb5 50. Kxb5 Ke3 51. Kc4 Kf2 52. Nd3+ Kf1 53. Kd4 e1=Q 54. Nxe1 Kxe1 55. Ke3 Kf1 56. Kf3 Kg1 57. h3 Kh2 58. h4 gxh4 59. Kg4 Kxg2 60. Kxh4 Kf3 61. Kh5 Kf4 62. Kxh6 1/2-1/2

[Event "*** SCC Grand Prix: Titled Tuesday Blitz"]
[Site "Chess.com"]
[Date "2020.10.06"]
[Round "9"]
[White "Witik"]
[Black "Angel_Hranitel_37"]
[Result "1-0"]
[WhiteElo "2706"]
[BlackElo "2543"]
[TimeControl "180+1"]
[EndTime "11:47:34 PDT"]
[Termination "Witik won by checkmate"]

1. d4 Nf6 2. c4 e6 3. Nf3 Bb4+ 4.
Nbd2 b6 5. e3 O-O 6. Be2 d5 7.
a3 Bd6 8. b4 c5 9. b5 cxd4 10.
exd4 dxc4 11. Nxc4 Bb7 12. O-O Bd5 13. Nxd6 Qxd6 14.
a4 Nbd7 15. Ba3 Qf4 16. Bxf8 Nxf8 17. Qd2 Qg4 18. h3 Qf5 19. Rfe1 Ng6 20. Qg5 Nf4 21. Qxf5 exf5 22. Bf1 h6 23. Ne5 g5 24. Rac1 Ne6 25.
Bd3 f4 26. Nc6 f3 27. Ne7+ Kg7 28. Nxd5 Nxd5 29. Be4 Rd8 30. Bxf3 Nxd4 31. Bxd5 Rxd5 32. Rc7 g4 33. hxg4 h5 34. gxh5 Rg5 35. Ree7 Nf3+ 36.
Kf1 Ne5 37. f4 Rf5 38. g3 Nd3 39. Rxa7 Nc5 40. h6+ Kxh6 41. Rxf7 Rd5 42. g4 Rd4 43. Kg2 Kg6 44. Rg7+ Kf6 45. Raf7+ Ke6 46. Re7+ Kd6 47. f5 Rd2+ 48. Kf3 Rd3+ 49. Kf4 Rd4+ 50. Kg5 Ne4+ 51. Kg6 Nc3 52. Rd7+ Kc5 53. Rxd4 Kxd4 54. f6 Nxa4 55. f7 Nc3 56. f8=Q Nd5 57. Rd7 Kc4 58. Qf7 Kb4 59.
Qxd5 Ka5 60. Qc6 Kb4 61. Rd4+ Ka5 62. Qc3+ Kxb5 63. Qc4+ Ka5 64. Qa4# 1-0

[Event "*** SCC Grand Prix: Titled Tuesday Blitz"]
[Site "Chess.com"]
[Date "2020.10.06"]
[Round "9"]
[White "ajdemipopushi"]
[Black "nochewycandy"]
[Result "1/2-1/2"]
[WhiteElo "2359"]
[BlackElo "2470"]
[TimeControl "180+1"]
[EndTime "11:47:37 PDT"]
[Termination "Game drawn by repetition"]

1. Nf3 g6 2. g3 Bg7 3. c4 d5 4.
cxd5 Qxd5 5. Bg2 Nf6 6. d4 O-O 7. Nc3 Qd8 8. O-O Na6 9. h3 c5 10.
d5 Ne8 11. e4 e6 12. Bg5 f6 13. Be3 e5 14. Qb3 Nd6 15. Nd2 b6 16. Rfd1 Nc7 17. Nc4 Nce8 18. a4 Nxc4 19. Qxc4 Nd6 20. Qb3 a6 21. a5 bxa5 22. Bxc5 Rf7 23. Na4 Rb7 24. Qa3 Nb5 25. Qe3 Bf8 26. Bxf8 Qxf8 27. f4 Nd4 28. fxe5 Nc2 29. Qc3 Nxa1 30. Rxa1 fxe5 31.
Qxe5 Rab8 32. Rf1 Qe7 33. Qxe7 Rxe7 34. Rf2 Rb4 35. Nc3 Bd7 36. Re2 Bb5 37. Nxb5 axb5 38. e5 Rd4 39. Kf2 a4 40. Kf1 b4 41. Ke1 a3 42. d6 Re8 43. bxa3 bxa3 44. Bf3 a2 45. Rxa2 Rxe5+ 46. Kf2 Rxd6 47. Re2 Rxe2+ 48. Bxe2 Rf6+ 49. Ke3 Kg7 50. h4 h6 51. Bf3 Re6+ 52. Kf4 Re7 53. Be4 Rc7 54. Bf3 Kf6 55. Be4 g5+ 56. hxg5+ hxg5+ 57. Kf3 Rc4 58. Bd5 Rb4 59. Bc6 Ke5 60. Bd7 Kf6 61. Bc6 Rd4 62. Bb7 Rd8 63. Bc6 Kf5 64.
Be4+ Ke5 65. Bb7 Rd4 66. Bc8 Rc4 67. Bd7 Kf6 68. Bb5 Rb4 69. Bc6 1/2-1/2

[Event "*** SCC Grand Prix: Titled Tuesday Blitz"]
[Site "Chess.com"]
[Date "2020.10.06"]
[Round "9"]
[White "Jospem"]
[Black "Bigfish1995"]
[Result "1-0"]
[WhiteElo "3010"]
[BlackElo "3101"]
[TimeControl "180+1"]
[EndTime "11:47:38 PDT"]
[Termination "Jospem won by resignation"]

1. e4 c6 2. d4 d5 3. exd5 cxd5 4. Bd3 Nc6 5. c3 Qc7 6. h3 e6 7. Nf3 Bd6 8. O-O Nge7 9. a4 h6 10. Na3 a6 11. Re1 O-O 12. Nc2 f6 13. c4 dxc4 14.
Bxc4 Nb4 15. Bxe6+ Bxe6 16. Nxb4 Bf7 17. Nd3 Rad8 18.
Bd2 Qb6 19. b4 Nc6 20. Nc5 Rfe8 21. Rxe8+ Rxe8 22. Rb1 Ba2 23. Rb2 Bd5 24. Be3 Nxb4 25. a5 Qxa5 26. Bd2 Qa3 27. Rxb4 b5 28. Rb1 Bxc5 29. dxc5 Qxc5 30. Be3 Qc6 31. Nd4 Qb7 32. Qg4 Kh7 33. Qg3 b4 34. Nf5 Qd7 35. Nh4 a5 36. Rc1 Re5 37. Bf4 Re7 38. Rc7 Qe8 39. Rc5 Be4 40. Rxa5 g5 41. Be3 gxh4 42. Qxh4 Qg6 43.
g4 Rd7 44. Rh5 Rd1+ 45. Kh2 Rh1+ 46. Kg3 Rg1+ 47. Kf4 Kg8 48. Rxh6 Qg7 49. Qxf6 Qxf6+ 50. Rxf6 Bc2 51. Rb6 b3 52. h4 Kf7 53. h5 Bd1 54. f3 Rf1 55. Rb7+ Ke6 56. Kg5 Rxf3 57. Bf4 Rh3 58. h6 Kd5 59. Rd7+ Ke4 60. Rxd1 Rf3 61. Re1+ Kd3 62. h7 Rh3 63. Re3+ Rxe3 64. Bxe3 b2 65.
h8=Q b1=Q 66. Qh7+ Kc3 67. Qxb1 1-0

[Event "*** SCC Grand Prix: Titled Tuesday Blitz"]
[Site "Chess.com"]
[Date "2020.10.06"]
[Round "9"]
[White "KonstantinB_1983"]
[Black "Guenplen"]
[Result "0-1"]
[WhiteElo "2529"]
[BlackElo "2832"]
[TimeControl "180+1"]
[EndTime "11:47:38 PDT"]
[Termination "Guenplen won on time"]

1. d4 d5 2. c4 e6 3. Nc3 a6 4.
cxd5 exd5 5. Nf3 Nf6 6. Bg5 Be6 7. e3 Nbd7 8. Ne5 Be7 9. f4 h6 10. Bh4 g5 11. Bg3 gxf4 12. exf4 c5 13. Bd3 cxd4 14. Ne2 Nxe5 15. fxe5 Bb4+ 16. Kf2 Ng4+ 17. Kg1 Qb6 18. h3 Ne3 19. Qa4+ Bd7 20. Qb3 Rg8 21. Kh2 h5 22. Rhg1 a5 23. a3 Bc5 24. Qxb6 Bxb6 25. Rac1 Nf5 26. Bf2 Ke7 27. Nf4 Kf8 28. Nxd5 Bd8 29. Nf6 Bxf6 30. exf6 Rd8 31. Rcd1 Rg5 32. Bxf5 Rxf5 33.
Bxd4 Rc8 34. Bc3 Bc6 35. Rdf1 Rd5 36. Rf2 Kg8 37. Re1 Rg5 38. Re3 Kh7 39. Rg3 Rcg8 40.
Rxg5 Rxg5 41. g3 a4 42. Bd2 Rd5 43. Bc3 Kg6 44. g4 h4 45. Re2 Rd3 46. Rf2 Rd1 47.
Rg2 Bxg2 48. Kxg2 Rd3 49. Kh2 Kg5 50. Kg2 Kf4 51. Kh2 b5 52. Be1 Kg5 53. Bc3 Rf3 54. Kg2 Rg3+ 55. Kh2 Rd3 56. Be1 Kxf6 57. Bc3+ Kg6 58.
Be1 Kg5 59. Bc3 f5 0-1

[Event "*** SCC Grand Prix: Titled Tuesday Blitz"]
[Site "Chess.com"]
[Date "2020.10.06"]
[Round "9"]
[White "Rogarcia1"]
[Black "GlennTipton"]
[Result "1/2-1/2"]
[WhiteElo "2208"]
[BlackElo "2437"]
[TimeControl "180+1"]
[EndTime "11:47:39 PDT"]
[Termination "Game drawn by stalemate"]

1. e4 e5 2. Nf3 Nc6 3. Bb5 a6 4. Ba4 Nf6 5. O-O Be7 6. Re1 b5 7. Bb3 d6 8. c3 O-O 9. d4 Bg4 10. Be3 exd4 11. cxd4 Na5 12. Bc2 c5 13. Nc3 Nc6 14.
e5 dxe5 15. dxc5 Qxd1 16. Raxd1 Bxf3 17. gxf3 Rad8 18. a3 Rxd1 19. Rxd1 Rd8 20. b4 Rxd1+ 21. Bxd1 a5 22. bxa5 Nxa5 23. Nxb5 Nd5 24. Nd6 Nxe3 25. fxe3 Bxd6 26. cxd6 Kf8 27. Be2 Nb7 28. d7 Ke7 29. Bb5 Nd6 30. Bc6 Nc4 31. a4 Nxe3 32. a5 Nc4 33. a6 Nb6 34. a7 Kd8 35. Kf2 Kc7 36.
Ke3 f5 37. Kd3 g5 38. Kc3 h5 39. h3 g4 40. fxg4 fxg4 41. h4 g3 42. Kb4 g2 43.
Bxg2 Kxd7 44. Kc5 Kc7 45. Be4 Nd7+ 46. Kc4 Nb6+ 47. Kd3 Kd6 48. a8=Q Nxa8 49. Bxa8 Ke6 50. Ke4 Kf6 51. Bd5 Kg6 52. Kxe5 Kh6 53. Kf5 Kh7 54. Kg5 Kh8 55. Kxh5 Kh7 56. Be4+ Kh8 57. Kh6 Kg8 58. h5 Kh8 59. Kg6 Kg8 60. h6 Kh8 61. Kh5 Kg8 62. h7+ Kh8 63. Kh6 1/2-1/2

[Event "*** SCC Grand Prix: Titled Tuesday Blitz"]
[Site "Chess.com"]
[Date "2020.10.06"]
[Round "9"]
[White "Sibelephant"]
[Black "Azerichess"]
[Result "1/2-1/2"]
[WhiteElo "3096"]
[BlackElo "2935"]
[TimeControl "180+1"]
[EndTime "11:47:41 PDT"]
[Termination "Game drawn - insufficient material"]

1. d4 Nf6 2. Bg5 e6 3. Nd2 c5 4.
e3 Nc6 5. c3 b6 6. Ngf3 Be7 7. Bd3 Bb7 8. O-O O-O 9. Qe2 h6 10.
Bh4 Rc8 11. a3 d5 12. b4 c4 13. Bc2 Ne4 14. Bxe7 Nxc3 15. Qxc4 dxc4 16. Bxd8 Rfxd8 17. Nxc4 Ba6 18. Bd3 Nxd4 19. Nxd4 Bxc4 20. Bxc4 Rxc4 21. h3 e5 22. Nf5 f6 23. g4 b5 24. Kg2 Rd2 25.
Rac1 Kf7 26. Ng3 g6 27. Ra1 Ke6 28. Rfc1 f5 29. a4 Nd5 30. gxf5+ gxf5 31. axb5 Nxe3+ 32. Kf3 Rxc1 33. Rxc1 Nc2 34. Nf1 Nd4+ 35. Kg2 Rb2 36. Ra1 Nxb5 37. Ne3 Rd2 38. Ra5 f4 39. Nc4 Rd5 40.
Ra6+ Kf5 41. Rxh6 Rd4 42. Na5 Rxb4 43. Nc6 Re4 44. h4 Nd4 45. Ne7+ Kg4 46. f3+ Nxf3 47. Rg6+ Kxh4 48. Kxf3 Re3+ 49. Kf2 e4 50. Nf5+ Kh5 51.
Rg7 Rf3+ 52. Ke2 Ra3 53. Nd6 Ra2+ 54. Ke1 e3 55. Nf5 a5 56. Re7 a4 57. Nxe3 fxe3 58. Rxe3 Kg4 59. Kd1 Kf4 60. Rh3 Ke4 61. Kc1 Kd4 62.
Kb1 Re2 63. Ra3 Re4 64. Rxa4+ Ke5 65. Rxe4+ Kxe4 1/2-1/2

[Event "*** SCC Grand Prix: Titled Tuesday Blitz"]
[Site "Chess.com"]
[Date "2020.10.06"]
[Round "9"]
[White "LiemLe"]
[Black "tigra"]
[Result "0-1"]
[WhiteElo "2975"]
[BlackElo "2848"]
[TimeControl "180+1"]
[EndTime "11:47:41 PDT"]
[Termination "tigra won by resignation"]

1. d4 Nf6 2. Nf3 g6 3. c4 Bg7 4. g3 O-O 5. Bg2 d6 6. O-O a6 7.
Nc3 c6 8. e4 Nfd7 9. Qe2 b5 10.
Rd1 Qc7 11. Be3 bxc4 12. Qxc4 Nb6 13. Qb3 a5 14. Rac1 a4 15. Qc2 Na6 16. a3 Qb7 17. Nxa4 Nxa4 18. Qxa4 Nc5 19. Qc2 Nb3 20. Rb1 Be6 21. Ng5 Bg4 22. Rd3 Rfb8 23. h3 Bd7 24. Kh2 h6 25. Nf3 Be6 26. Re1 c5 27. dxc5 Nxc5 28.
Bxc5 dxc5 29. Qxc5 Qxb2 30. e5 Rc8 31. Qe3 Rc2 32. Rd2 Rxd2 33. Qxd2 Qxa3 34. Nd4 Rd8 35. Qf4 g5 36. Qe3 Qxe3 37. fxe3 Bd7 38. e6 fxe6 39.
Rd1 Rc8 40. Rd2 Bf6 41. Bf3 Rc7 42. Bg4 Kf7 43. Bh5+ Kg7 44. Bg4 Bxd4 45. Rxd4 Kf6 46. Kg1 Ra7 47. Rd1 Bc6 48. Rf1+ Ke5 49. h4 Ra2 50. Bh3 Re2 51. hxg5 hxg5 52. Bg4 Rg2+ 53.
Kh1 Rxg3+ 54. Kh2 Rxg4 55. Rc1 Bd5 56. Rc5 Rh4+ 57. Kg3 Re4 58. Kf2 Rc4 59. Rb5 Rc2+ 60.
Kg3 Rg2+ 61. Kh3 Re2 62. Kg4 Rxe3 63. Kxg5 Rg3+ 64. Kh4 Rg8 65. Rb1 Kf4 66. Kh5 Rh8+ 67. Kg6 Be4+ 68. Kf7 Bxb1 0-1

[Event "*** SCC Grand Prix: Titled Tuesday Blitz"]
[Site "Chess.com"]
[Date "2020.10.06"]
[Round "9"]
[White "yourstrulyme"]
[Black "davidkalashian"]
[Result "0-1"]
[WhiteElo "2445"]
[BlackElo "2590"]
[TimeControl "180+1"]
[EndTime "11:47:42 PDT"]
[Termination "davidkalashian won on time"]

1. d4 Nf6 2. Nf3 e6 3. Bf4 b6 4. Nbd2 Bb7 5. e3 c5 6. Bd3 cxd4 7. exd4 Be7 8. O-O O-O 9. h3 d6 10. Re1 Nbd7 11. c3 a6 12. a4 Re8 13. Nc4 Nf8 14. Nfd2 Ng6 15. Bh2 Nd5 16. Bf1 Bf8 17. Ne4 Ndf4 18. Qd2 d5 19. Bxf4 Nxf4 20. Qxf4 dxe4 21. Nd2 Bd6 22. Qe3 f5 23. Qe2 Bc7 24. f3 e5 25.
fxe4 exd4 26. Qc4+ Kh8 27. Qxd4 fxe4 28. Rad1 Qh4 29. Qe3 Bg3 30. Re2 Bf4 31. Qf2 Qg5 32. Nc4 e3 33. Qe1 Bg3 34. Nd6 Bxe1 35. Nf7+ Kg8 36.
Nxg5 Bf2+ 37. Rxf2 exf2+ 38. Kxf2 h6 39. Bc4+ Kh8 40.
Nf7+ Kh7 41. Nd6 Rf8+ 42. Kg3 Bc6 43. Bd3+ Kh8 44. Re1 Rad8 45. Re6 Bd5 46. Rg6 Rf6 47. Rxf6 gxf6 48. Nf5 Be6 49. Be4 Bxf5 50. Bxf5 Kg7 51.
b4 Re8 52. Kf4 Re2 53. g4 Ra2 54. a5 bxa5 55. bxa5 Rxa5 56. c4 Kf7 57. Ke4 Ke7 58. Kd4 Kd6 59. Kc3 Kc5 60. Bc2 Ra1 61. Kb2 Rh1 62. Bf5 Rxh3 63. Bc8 a5 64. Kc2 Kxc4 65.
g5 Rh2+ 66. Kb1 hxg5 0-1

[Event "*** SCC Grand Prix: Titled Tuesday Blitz"]
[Site "Chess.com"]
[Date "2020.10.06"]
[Round "9"]
[White "aisha_zakirova"]
[Black "teacher4chess"]
[Result "1-0"]
[WhiteElo "2162"]
[BlackElo "2009"]
[TimeControl "180+1"]
[EndTime "11:47:42 PDT"]
[Termination "aisha_zakirova won on time"]

1. d4 e6 2. Nf3 b6 3. c4 Bb7 4. a3 Nf6 5. Nc3 d5 6. cxd5 Nxd5 7. e3 Be7 8. Bd3 O-O 9. O-O c5 10. e4 Nxc3 11. bxc3 cxd4 12. cxd4 Nc6 13. e5 g6 14. Be3 Rc8 15. Qe2 Qd5 16. Rfd1 Na5 17. a4 Rfd8 18. Rab1 Bc6 19. Bb5 Bb7 20. Bd3 Rc7 21. Rb5 Qd7 22. Bg5 Bxf3 23. Qxf3 Bxg5 24. d5 exd5 25. Be4 Rc5 26. Rxc5 bxc5 27. Rxd5 Qe7 28. Rxd8+ Qxd8 29. Bd5 c4 30. Qxf7+ Kh8 31. e6 Qe7 32. Qf3 Bf6 33.
h3 c3 34. Qd3 Kg7 35. Be4 Qd8 36. Qc2 Qd2 37. Qxd2 cxd2 38. Bf3 Nb3 39. Bd1 Nd4 40. e7 Bxe7 41. Kf1 Bb4 42. f3 a5 43. Kf2 Kf6 44.
Ke3 Ke5 45. f4+ Kd5 46. g4 h6 47.
Kd3 Kc5 48. h4 Ne6 49. g5 Nxf4+ 50. Ke3 1-0